 Dungeon Crawl Stone Soup version 0.30-a0-605-gb2882149bf (webtiles) character file.

Game seed: 6505516436379798927

8740 wormed the Cruncher (level 11, 0/75 HPs)
             Began as a Gnoll Wanderer on Jan 8, 2023.
             Was a Plaything of Xom.
             Slain by a two-headed ogre
             ... wielding a +0 giant club
              (16 damage)
             ... on level 10 of the Dungeon.
             The game lasted 00:25:38 (12900 turns).

wormed the Cruncher (Gnoll Wanderer)               Turns: 12900, Time: 00:25:39

Health: 0/75       AC: 13    Str: 18    XL:     11   Next: 35%
Magic:  21/21      EV: 12    Int: 13    God:    Xom [*.....]
Gold:   214        SH:  0    Dex: 14    Spells: 23/24 levels left

rFire   . . .      SeeInvis +    U - +0 lajatang
rCold   . . .      Faith    .    (shield currently unavailable)
rNeg    . . .      Spirit   .    b - +0 scale mail
rPois   .          Reflect  .    (no helmet)
rElec   .          Harm     .    (no cloak)
rCorr   .          Rampage  .    f - +1 pair of gloves
Will    +....                    K - +0 pair of boots
Stlth   ++                       (no amulet)
HPRegen 0.32/turn                v - ring of Ageizir {Str+6 SInv}
MPRegen 0.17/turn                R - ring of willpower

@: unable to read
A: fangs 1, strong nose, distributed training, talons 1, iridescent scales 1,
frail 1, screaming 1, inability to read after injury 1
a: Renounce Religion


You were on level 10 of the Dungeon.
You worshipped Xom.
You were a special plaything of Xom.
You visited 1 branch of the dungeon, and saw 10 of its levels.

You collected 601 gold pieces.
You spent 387 gold pieces at shops.

Inventory:

Hand Weapons
 a - a +0 quarterstaff
 J - a +6 morningstar of freezing
 U - a +0 lajatang (weapon)
Missiles
 G - 32 poisoned darts (quivered)
 Q - 2 datura-tipped darts
 T - a curare-tipped dart
Armour
 b - a +0 scale mail (worn)
 f - a +1 pair of gloves (worn)
 D - a +1 buckler of protection
 K - a +0 pair of boots (worn)
Magical Staves
 d - a staff of earth
Jewellery
 j - a ring of wizardry
 k - a ring of protection from fire
 o - a ring of protection from cold
 v - the ring of Ageizir (left hand) {Str+6 SInv}
   (You acquired it on level 4 of the Dungeon)

   [ring of strength]

   Str:       It affects your strength (+6).
   SInv:      It lets you see invisible.
 x - the ring of Beixaff {Wiz Will- Int+3 Dex+5}
   (You found it on level 5 of the Dungeon)

   [ring of wizardry]

   It improves your spell success rate.
   Int:       It affects your intelligence (+3).
   Dex:       It affects your dexterity (+5).
   Will:      It decreases your willpower.
 I - a ring of magical power
 N - a ring of willpower
 O - a ring of positive energy
 R - a ring of willpower (right hand)
Wands
 m - a wand of roots (6)
 u - a wand of polymorph (8)
 y - a wand of mindburst (1)
 C - a wand of charming (1)
 E - a wand of flame (30)
Scrolls
 g - 3 scrolls of fog
 h - 4 scrolls of magic mapping
 i - 4 scrolls of amnesia
 l - 5 scrolls of teleportation
 w - 4 scrolls of vulnerability
 z - 2 scrolls of enchant weapon
 H - 3 scrolls of poison
 L - 2 scrolls of identify
 S - a scroll of blinking
Potions
 c - 2 potions of attraction
 e - a potion of cancellation
 n - 5 potions of lignification
 p - a potion of ambrosia
 q - a potion of curing
 r - 3 potions of flight
 s - 2 potions of heal wounds
 t - 2 potions of resistance
 A - a potion of berserk rage
 B - a potion of invisibility {unknown}
 F - a potion of haste {unknown}
 M - 2 potions of degeneration {unknown}
 P - a potion of brilliance {unknown}


   Skills:
 + Level 7.0 Fighting
 + Level 6.4 Short Blades
 + Level 6.4 Long Blades
 + Level 6.4 Axes
 + Level 6.4 Maces & Flails
 + Level 6.4 Polearms
 + Level 9.3 Staves
 + Level 6.4 Ranged Weapons
 + Level 6.4 Throwing
 + Level 8.0 Armour
 + Level 6.4 Dodging
 + Level 6.4 Stealth
 + Level 6.4 Shields
 + Level 6.4 Unarmed Combat
 + Level 7.1 Spellcasting
 + Level 5.3 Conjurations
 + Level 7.7 Hexes
 + Level 5.3 Summonings
 + Level 5.3 Necromancy
 + Level 5.3 Translocations
 + Level 5.3 Transmutations
 + Level 5.3 Fire Magic
 + Level 5.3 Ice Magic
 + Level 5.3 Air Magic
 + Level 5.3 Earth Magic
 + Level 5.3 Poison Magic
 + Level 7.1 Invocations
 + Level 6.4 Evocations


You had 23 spell levels left.
You knew the following spells:

 Your Spells              Type           Power      Damage    Failure   Level
a - Slow                  Hex            96%        N/A       1%          1

Your spell library contained the following spells:

 Spells                   Type           Power      Damage    Failure   Level
 Ensorcelled Hibernation  Hex/Ice        42%        N/A       4%          2
 Passwall                 Tmut/Erth      15%        N/A       7%          2
 Portal Projectile        Hex/Tloc       42%        N/A       9%          3
 Ozocubu's Armour         Ice            18%        N/A       14%         3
 Swiftness                Air            18%        N/A       14%         3
 Ozocubu's Refrigeration  Ice            9%         4d9       100%        7


Dungeon Overview and Level Annotations

Branches:
Dungeon (10/15)            Temple (0/1) D:5            Lair (0/5) D:9
    Orc: D:9-12

Altars:
Ashenzari
Cheibriados
Dithmenos
Hepliaklqana
Makhleb
Qazlal
Ru
Sif Muna
Vehumet
Wu Jian
Xom
Yredelemnul
The Shining One

Shops:
D:2 ?   D:5 *   D:6 !


Innate Abilities, Weirdness & Mutations

You have very sharp teeth.
Your uncanny sense of smell can sniff out nearby items.
Your experience applies equally to all skills.
You have sharp toenails.
You are partially covered in iridescent scales. (AC +2)
You are frail. (-10% HP)
You occasionally shout uncontrollably at your foes.
You occasionally lose the ability to read scrolls when taking damage.


Message History

You open the door.
The sentinel's mark upon you fades away.
There is an open door here.
You open the door.
A two-headed ogre comes into view. It is wielding two +0 giant clubs.
Found 12 gold pieces.
A two-headed ogre is nearby!
A two-headed ogre is nearby!
A two-headed ogre is nearby!
There is an open door here.
The two-headed ogre shouts in stereo!
You slash the two-headed ogre! Your bite misses the two-headed ogre.
The two-headed ogre is lightly wounded.
The two-headed ogre closely misses you.
The two-headed ogre hits you with a +0 giant club!
You slash the two-headed ogre!
You bite the two-headed ogre, but do no damage.
The two-headed ogre is moderately wounded.
The two-headed ogre misses you.
The two-headed ogre hits you with a +0 giant club!
You barely miss the two-headed ogre.
The two-headed ogre is moderately wounded.
You slash the two-headed ogre!
The two-headed ogre is heavily wounded.
The two-headed ogre misses you. The two-headed ogre closely misses you.
You hit the two-headed ogre.
The two-headed ogre is severely wounded.
You barely miss the two-headed ogre.
You bite the two-headed ogre, but do no damage.
The two-headed ogre is severely wounded.
The two-headed ogre hits you with a +0 giant club!!
The two-headed ogre misses you.
You hit the two-headed ogre.
The two-headed ogre is severely wounded.
The two-headed ogre hits you with a +0 giant club!!
You feel threatened and lose the ability to read scrolls!
* * * LOW HITPOINT WARNING * * *
The two-headed ogre hits you with a +0 giant club!
You die...
Xom bursts into laughter!

#.# #.#
#.# #.#
#.# #.#
####'###
#......#
#
#..@..$+
#
#..O...#
### #
#......#
... #
#......#
#.#####
#......#
.^.#..
#......#
###.#.#
########
#.....#
#######


You could see a two-headed ogre.

Vanquished Creatures
  An unseen horror zombie (D:8)
  A komodo dragon (D:10)
  3 hornets
  Sigmund (D:4)
  A wraith (D:10)
  4 shadows
  A wyvern (D:8)
  13 yaks
  A steam dragon (D:9)
  4 vampire mosquitoes (D:10)
  A warg (D:9)
  A water moccasin (D:7)
  3 orc warriors
  2 sky beasts
  3 centaurs
  2 kobold brigands
  2 phantoms
  4 bullfrogs
  3 necrophages
  2 gnoll sergeants
  A wyvern zombie (D:8)
  A scorpion (D:7)
  14 wights
  3 howler monkeys (D:8)
  4 centaur zombies (D:8)
  A human zombie (D:8)
  A jelly (D:6)
  3 orc priests
  4 iguanas
  Jessica (D:3)
  13 orc wizards
  Natasha (D:2)
  3 mummies (D:8)
  16 gnolls
  6 adders
  3 shadow imps
  2 white imps
  2 ufetubi
  3 worms
  3 dart slugs
  34 orcs
  3 endoplasms
  5 giant cockroaches
  7 hobgoblins
  3 jackals (D:1)
  9 kobolds
  5 quokkas
  5 ball pythons
  5 bats
  2 frilled lizards
  10 goblins
  2 rats (D:1)
228 creatures vanquished.

Vanquished Creatures (collateral kills)
  2 wights
  Natasha (D:2)
  A shadow imp (D:7)
  An orc (D:9)
5 creatures vanquished.

Grand Total: 233 creatures vanquished

Notes
Turn   | Place    | Note
-------+----------+-------------------------------------------
     0 | D:1      | wormed the Gnoll Wanderer began the quest for the Orb.
     0 | D:1      | wormed set off with the following items: a +0 quarterstaff,
                  | a +0 scale mail, a potion of attraction; and the following
                  | spell memorised: Slow; and the following spells available
                  | to memorise: Ensorcelled Hibernation, Portal Projectile.
     0 | D:1      | Reached XP level 1. HP: 17/17 MP: 4/4
   139 | D:1      | Reached XP level 2. HP: 18/23 MP: 5/5
   391 | D:1      | Reached XP level 3. HP: 28/28 MP: 7/7
   723 | D:2      | Found a faded altar of an unknown god.
   801 | D:2      | Found Besm's Magic Scroll Shop.
   809 | D:2      | Reached skill level 1 in Invocations
   848 | D:2      | Prayed at the altar of an unknown god.
   848 | D:2      | Became a worshipper of The Xom-Meister,
                  | Xom-a-lom-a-ding-dong
   935 | D:2      | Noticed Natasha
   946 | D:2      | Killed Natasha
   947 | D:2      | Reached skill level 1 in Short Blades
   947 | D:2      | Reached skill level 1 in Long Blades
   947 | D:2      | Reached skill level 1 in Axes
   947 | D:2      | Reached skill level 1 in Maces & Flails
   947 | D:2      | Reached skill level 1 in Polearms
   947 | D:2      | Reached skill level 1 in Ranged Weapons
   947 | D:2      | Reached skill level 1 in Throwing
   947 | D:2      | Reached skill level 1 in Dodging
   947 | D:2      | Reached skill level 1 in Stealth
   947 | D:2      | Reached skill level 1 in Shields
   947 | D:2      | Reached skill level 1 in Unarmed Combat
   947 | D:2      | Reached skill level 1 in Evocations
   947 | D:2      | Reached XP level 4. HP: 34/34 MP: 8/8
  1114 | D:2      | Noticed Natasha
  1117 | D:2      | XOM: cast spell 'Summon Ice Beast'
  1119 | D:2      | Killed Natasha
  1120 | D:2      | Reached skill level 1 in Conjurations
  1120 | D:2      | Reached skill level 1 in Summonings
  1120 | D:2      | Reached skill level 1 in Necromancy
  1120 | D:2      | Reached skill level 1 in Translocations
  1120 | D:2      | Reached skill level 1 in Transmutations
  1120 | D:2      | Reached skill level 1 in Fire Magic
  1120 | D:2      | Reached skill level 1 in Ice Magic
  1120 | D:2      | Reached skill level 1 in Air Magic
  1120 | D:2      | Reached skill level 1 in Earth Magic
  1120 | D:2      | Reached skill level 1 in Poison Magic
  1165 | D:2      | Bought a scroll of identify for 22 gold pieces
  1206 | D:2      | XOM: silly message
  1346 | D:2      | Bought a scroll of teleportation for 33 gold pieces
  1346 | D:2      | Bought a scroll of amnesia for 44 gold pieces
  1387 | D:2      | XOM: cast spell 'Call Canine Familiar'
  1397 | D:2      | Reached XP level 5. HP: 15/40 MP: 9/9
  1684 | D:3      | XOM: silly message
  1761 | D:3      | Noticed Jessica
  1779 | D:3      | Killed Jessica
  2128 | D:3      | XOM: polymorph gnoll -> quokka
  2141 | D:3      | XOM: polymorph gnoll -> hobgoblin
  2173 | D:3      | XOM: cloud trail
  2256 | D:3      | XOM: 7-stop teleportation journey
  2311 | D:3      | XOM: god gift: Ozocubu's Autobiography
  2590 | D:3      | Found a snail-covered altar of Cheibriados.
  2677 | D:3      | XOM: give mutations
  2677 | D:3      | Gained mutation: Your system is resistant to poisons.
                  | (rPois) [Xom's grace]
  2677 | D:3      | Gained mutation: Your spells are a little harder to cast,
                  | but a little more powerful. [Xom's grace]
  2835 | D:3      | Reached XP level 6. HP: 36/47 MP: 9/11
  2954 | D:4      | Found a stormy altar of Qazlal.
  2969 | D:4      | Reached skill level 5 in Armour
  2975 | D:4      | XOM: scenery: summon butterflies
  3155 | D:4      | XOM: scenery: create altars
  3277 | D:4      | XOM: scenery: create altars
  3353 | D:4      | XOM: divination: detect items
  3603 | D:4      | Noticed Sigmund
  3610 | D:4      | Killed Sigmund
  3611 | D:4      | Reached skill level 7 in Staves
  3611 | D:4      | Reached XP level 7. HP: 51/53 MP: 12/12
  3661 | D:4      | XOM: divination: magic mapping
  3707 | D:4      | XOM: give mutations
  3707 | D:4      | Gained mutation: You have hidden genetic potential. [Xom's
                  | grace]
  3707 | D:4      | Gained mutation: You possess an exceptional clarity of
                  | mind. [Xom's grace]
  3707 | D:4      | Gained mutation: Your movements are slightly less
                  | encumbered by armour. (ER -2) [Xom's grace]
  4330 | D:4      | Identified a scroll of acquirement
  4330 | D:4      | Acquired the ring of Ageizir {Str+6 SInv}
  4354 | D:5      | Entered Level 5 of the Dungeon
  4437 | D:5      | Found Voub's General Store.
  4476 | D:5      | Identified the ring of Beixaff {Wiz Will- Int+3 Dex+5}
  4497 | D:5      | XOM: god gift: jewelled fluorescent wand {god gift}
  4599 | D:5      | Found a staircase to the Ecumenical Temple.
  4659 | D:5      | XOM: give mutations
  4659 | D:5      | Lost mutation: Your spells are a little harder to cast, but
                  | a little more powerful. [Xom's mischief]
  4659 | D:5      | Lost mutation: Your movements are slightly less encumbered
                  | by armour. (ER -2) [Xom's mischief]
  4659 | D:5      | Gained mutation: You are frail. (-10% HP) [Xom's mischief]
  4659 | D:5      | Gained mutation: You are very frail. (-20% HP) [Xom's
                  | mischief]
  4830 | D:5      | Found a shadowy altar of Dithmenos.
  4999 | D:5      | XOM is BORED!
  4999 | D:5      | XOM: stat loss: -1 Int (10/11)
  5256 | D:6      | Reached XP level 8. HP: 38/48 MP: 14/14
  5355 | D:6      | Found Burphuar's Distillery.
  5731 | D:6      | XOM: cast spell 'Necromutation'
  5735 | D:6      | XOM: fake destruction
  5737 | D:6      | XOM: smoke on damage
  5762 | D:6      | HP: 1/48 [iguana (10)]
  5785 | D:6      | XOM: 1-stop teleportation journey
  5820 | D:6      | XOM: god gift: dark potion {god gift}
  5941 | D:5      | Bought a scroll of identify for 24 gold pieces
  5941 | D:5      | Bought a scroll of identify for 24 gold pieces
  5941 | D:5      | Bought a scroll of identify for 24 gold pieces
  5941 | D:5      | Bought a scroll of identify for 24 gold pieces
  6125 | D:6      | XOM: silly message
  6200 | D:6      | XOM: smoke on damage
  6318 | D:6      | XOM: god gift: wand of charming (5)
  6441 | D:6      | XOM: give mutation
  6441 | D:6      | Gained mutation: You are agile. (Dex +4, Str/Int -1) [Xom's
                  | grace]
  6508 | D:6      | XOM: divination: detect items
  6551 | D:6      | Found an ornate altar of the Wu Jian Council.
  6648 | D:6      | Found a radiant altar of Vehumet.
  6801 | D:6      | XOM: divination: magic mapping
  6866 | D:7      | XOM: potion effect (might)
  6869 | D:7      | XOM: enchant monster (bad)
  6970 | D:7      | Noticed a hornet
  7215 | D:7      | XOM: fog
  7222 | D:7      | Reached XP level 9. HP: 20/52 MP: 16/16
  7459 | D:6      | Reached skill level 5 in Spellcasting
  7621 | D:7      | XOM: enchant monster (bad)
  7623 | D:7      | Paralysed by a hornet for 2 turns
  7627 | D:7      | XOM: swap monsters
  7629 | D:7      | Killed a hornet
  7630 | D:7      | Reached skill level 5 in Fighting
  7648 | D:7      | XOM: give mutations
  7648 | D:7      | Gained mutation: You are extremely frail. (-30% HP) [Xom's
                  | mischief]
  7648 | D:7      | Lost mutation: You have hidden genetic potential. [Xom's
                  | mischief]
  7648 | D:7      | Lost mutation: You are agile. (Dex +4, Str/Int -1) [Xom's
                  | mischief]
  7941 | D:7      | Noticed a hornet
  7948 | D:7      | Killed a hornet
  8094 | D:7      | Reached skill level 8 in Staves
  8280 | D:7      | XOM: silly message
  8355 | D:7      | XOM: potion effect (heal wounds)
  8605 | D:7      | Reached skill level 5 in Invocations
  8654 | D:7      | XOM: divination: magic mapping
  8932 | D:8      | XOM: enchant monster (good)
  8956 | D:8      | XOM: enchant monster (good)
  8968 | D:8      | XOM: summons friendly crimson imp
  9273 | D:8      | XOM: summons 7 friendly demons
  9280 | D:8      | Reached skill level 5 in Short Blades
  9280 | D:8      | Reached skill level 5 in Long Blades
  9280 | D:8      | Reached skill level 5 in Axes
  9280 | D:8      | Reached skill level 5 in Maces & Flails
  9280 | D:8      | Reached skill level 5 in Polearms
  9280 | D:8      | Reached skill level 5 in Ranged Weapons
  9280 | D:8      | Reached skill level 5 in Throwing
  9280 | D:8      | Reached skill level 5 in Dodging
  9280 | D:8      | Reached skill level 5 in Stealth
  9280 | D:8      | Reached skill level 5 in Shields
  9280 | D:8      | Reached skill level 5 in Unarmed Combat
  9280 | D:8      | Reached skill level 5 in Evocations
  9280 | D:8      | Reached XP level 10. HP: 51/53 MP: 18/18
  9288 | D:8      | XOM: smoke on damage
  9456 | D:6      | Bought a potion of mutation for 96 gold pieces
  9456 | D:6      | Bought a potion of mutation for 96 gold pieces
  9456 | D:6      | Lost mutation: You possess an exceptional clarity of mind.
                  | [potion of mutation]
  9456 | D:6      | Lost mutation: Your system is resistant to poisons. (rPois)
                  | [potion of mutation]
  9456 | D:6      | Gained mutation: You are partially covered in iridescent
                  | scales. (AC +2) [potion of mutation]
  9456 | D:6      | Gained mutation: You are somewhat resistant to further
                  | mutation. [potion of mutation]
  9457 | D:6      | Lost mutation: You are somewhat resistant to further
                  | mutation. [potion of mutation]
  9457 | D:6      | Lost mutation: You are extremely frail. (-30% HP) [potion
                  | of mutation]
  9457 | D:6      | Lost mutation: You are very frail. (-20% HP) [potion of
                  | mutation]
  9457 | D:6      | Gained mutation: You have sharp toenails. [potion of
                  | mutation]
  9892 | D:8      | XOM: smoke on damage
 10172 | D:8      | XOM: 2-stop teleportation journey
 10293 | D:8      | Found a basalt altar of Yredelemnul.
 10305 | D:8      | XOM: confuse monster(s)
 10505 | D:8      | XOM: silly message
 10614 | D:8      | Found a hazy altar of Hepliaklqana.
 10614 | D:8      | XOM: god gift: potion of curing
 10674 | D:8      | Found a burning altar of Makhleb.
 11020 | D:8      | XOM: summons 1 hostile shadow creature
 11180 | D:9      | XOM: polymorph centaur -> warg
 11195 | D:9      | XOM: 1-stop teleportation journey
 11217 | D:9      | XOM: blink monster(s)
 11561 | D:9      | Found a broken altar of Ashenzari.
 11603 | D:9      | Found a sacrificial altar of Ru.
 11726 | D:9      | Identified the +11 long sword of Utui {heavy, rCorr Int-5
                  | Dex+4}
 11777 | D:9      | XOM: potion effect (might)
 11805 | D:9      | XOM: summons 3 friendly demons
 11809 | D:9      | Reached skill level 9 in Staves
 11841 | D:9      | Found a staircase to the Lair.
 11853 | D:9      | Reached skill level 5 in Conjurations
 11853 | D:9      | Reached skill level 5 in Summonings
 11853 | D:9      | Reached skill level 5 in Necromancy
 11853 | D:9      | Reached skill level 5 in Translocations
 11853 | D:9      | Reached skill level 5 in Transmutations
 11853 | D:9      | Reached skill level 5 in Fire Magic
 11853 | D:9      | Reached skill level 5 in Ice Magic
 11853 | D:9      | Reached skill level 5 in Air Magic
 11853 | D:9      | Reached skill level 5 in Earth Magic
 11853 | D:9      | Reached skill level 5 in Poison Magic
 11884 | D:9      | Reached XP level 11. HP: 74/74 MP: 21/21
 12066 | D:10     | Entered Level 10 of the Dungeon
 12095 | D:10     | Found a shimmering blue altar of Sif Muna.
 12178 | D:10     | XOM: divination: detect creatures
 12181 | D:10     | XOM: confuse monster(s)
 12321 | D:10     | XOM: silly message
 12386 | D:10     | XOM: give mutations
 12386 | D:10     | Gained mutation: You occasionally shout uncontrollably at
                  | your foes. [Xom's mischief]
 12386 | D:10     | Gained mutation: You occasionally lose the ability to read
                  | scrolls when taking damage. [Xom's mischief]
 12434 | D:10     | Found a glowing golden altar of the Shining One.
 12889 | D:10     | Noticed a two-headed ogre
 12900 | D:10     | Slain by a two-headed ogre

Illustrated notes

Levels and vault maps discovered:
D:1:      amcnicky_arrival_wind_blow, layout_basic, minivault_26
D:2:      cheibrodos_old_hovel, layout_loops_ring, serial_shops,
          nicolae_shop_crystal, dreamdust_ecumenical_altar_grove, uniq_natasha
D:3:      layout_basic, lemuel_doored_altar, kennysheep_generic_room_15,
          uniq_jessica
D:4:      layout_layer_cave, nicolae_qazlal_scattered_showers,
          nicolae_nh_ransacked_shop, uniq_sigmund
D:5:      layout_gridville, lemuel_round_altar, minmay_temple_entry_overgrown,
          serial_shops, nicolae_take_the_stairs, ebering_dispersal_statue_hall
D:6:      layout_basic, nzn_wu_jian_council_hall, nicolae_vehumet_radiance,
          serial_shops, nicolae_shop_waterfront
D:7:      layout_basic
D:8:      layout_layer_cave, bloody_makhleb, worldfamousw_hep_ancestral_shrine,
          lemuel_mausoleum_altar_yredelemnul
D:9:      layout_cave_pools, old_standard_altar, nicolae_ru_awakened_eye,
          lair_entry_dummy
D:10:     layout_roguey, mainiacjoe_overflow_alcove_2,
          nicolae_sif_muna_condensation

Skill      XL: |  1  2  3  4  5  6  7  8  9 10 11 |
---------------+----------------------------------+-----
Invocations    | 1 2 3 4 5 6 7 |  7.1
Short Blades   | 1 2 3 5 6 |  6.4
Long Blades    | 1 2 3 5 6 |  6.4
Axes           | 1 2 3 5 6 |  6.4
Maces & Flails | 1 2 3 5 6 |  6.4
Polearms       | 1 2 3 5 6 |  6.4
Ranged Weapons | 1 2 3 5 6 |  6.4
Throwing       | 1 2 3 5 6 |  6.4
Dodging        | 1 2 3 5 6 |  6.4
Stealth        | 1 2 3 5 6 |  6.4
Shields        | 1 2 3 5 6 |  6.4
Unarmed Combat | 1 2 3 5 6 |  6.4
Spellcasting   | 3 4 5 6 7 |  7.1
Evocations     | 1 2 3 5 6 |  6.4
Conjurations   | 1 2 3 4 5 |  5.3
Summonings     | 1 2 3 4 5 |  5.3
Necromancy     | 1 2 3 4 5 |  5.3
Translocations | 1 2 3 4 5 |  5.3
Transmutations | 1 2 3 4 5 |  5.3
Fire Magic     | 1 2 3 4 5 |  5.3
Ice Magic      | 1 2 3 4 5 |  5.3
Air Magic      | 1 2 3 4 5 |  5.3
Earth Magic    | 1 2 3 4 5 |  5.3
Poison Magic   | 1 2 3 4 5 |  5.3
Fighting       | 3 4 5 6 7 |  7.0
Armour         | 5 6 7 8 |  8.0
Staves         | 7 8 9 |  9.3
Hexes          | 6 7 |  7.7

Action                   |  1- 3 |  4- 6 |  7- 9 | 10-12 || total
-------------------------+-------+-------+-------+-------++-------
Melee: Quarterstaff      |    75 |   189 |   337 |       ||   601
       Bite              |    10 |    14 |    35 |    47 ||   106
       Morningstar       |       |       |    24 |   294 ||   318
       Lajatang          |       |       |       |     7 ||     7
Throw: Dart              |       |       |    81 |    15 ||    96
       Throwing net      |       |       |     2 |       ||     2
 Cast: Slow              |     3 |     2 |     1 |       ||     6
Evoke: Wand              |       |     2 |     8 |     2 ||    12
  Use: Scroll            |       |     4 |    10 |     4 ||    18
       Potion            |       |     1 |       |     9 ||    10
 Stab: Distracted        |       |       |     1 |       ||     1
       Sleeping          |       |       |     1 |     2 ||     3
       Confused          |       |       |       |     4 ||     4
Armor: Scale mail        |    45 |    90 |   150 |   194 ||   479
       Skin              |       |    22 |       |       ||    22
Dodge: Dodged            |    36 |    82 |   188 |   202 ||   508
Block: Buckler           |       |       |     5 |   127 ||   132

Table legend: (Time is in decaauts)
 A = Elapsed time spent in this place.
 B = Non-inter-level travel time spent in this place.
 C = Inter-level travel time spent in this place.
 D = Time resting spent in this place.
 E = Time spent auto-exploring this place.
 F = Levels seen in this place.
 G = Mean time per level.
                   A        B        C        D        E       F      G
               +--------+--------+--------+--------+--------+-----+--------+
         Total |  12965 |  12074 |    891 |    158 |   9398 |  10 | 1296.5 |
       Dungeon |  12965 |  12074 |    891 |    158 |   9398 |  10 | 1296.5 |
               +--------+--------+--------+--------+--------+-----+--------+

Top non-repeatable levels by time:
     D:8: 2054 daAuts
     D:7: 1856 daAuts
     D:6: 1771 daAuts
     D:4: 1561 daAuts
     D:3: 1459 daAuts
     D:5: 1084 daAuts
     D:2: 873 daAuts
    D:10: 851 daAuts
     D:9: 729 daAuts
     D:1: 723 daAuts
